[Event "Live Chess"]
[Site "Chess.com"]
[Date "2023.05.21"]
[Round "-"]
[White "mirandaasilva"]
[Black "Jo1ts"]
[Result "1-0"]
[WhiteElo "1636"]
[BlackElo "826"]
[TimeControl "300"]
[EndTime "0:13:30 PDT"]
[Termination "mirandaasilva won by resignation"]

1. e4 e5 2. Bc4 Nc6 3. Nf3 d6 4.
a4 f5 5. d3 fxe4 6. Ng5 h6 7.
Nf7 Qg5 8. Nxg5 hxg5 9. Bxg5 Be7 10. Bxe7 Kxe7 11. O-O Nf6 1-0

[Event "Live Chess"]
[Site "Chess.com"]
[Date "2023.05.21"]
[Round "-"]
[White "DaveL5678"]
[Black "WilliamofOrange16th"]
[Result "0-1"]
[WhiteElo "1006"]
[BlackElo "1817"]
[TimeControl "300"]
[EndTime "0:13:59 PDT"]
[Termination "WilliamofOrange16th won by checkmate"]

1. e4 d6 2. d4 Nf6 3. Nc3 Nbd7 4. Bd3 e5 5. d5 c6 6. dxc6 bxc6 7. f3 Be7 8. Nge2 O-O 9. O-O d5 10. exd5 cxd5 11. Re1 h6 12. Bf5 Qa5 13. a3 d4 14.
b4 Qa6 15. Ne4 Nxe4 16. Bxe4 Rb8 17. Ng3 Nf6 18. Nf5 Bxf5 19. Bxf5 Qb6 20. Kh1 Bd6 21. Bb2 a5 22. Qd2 axb4 23. Qd3 bxa3 24. Bxa3 Bxa3 25. Rxa3 Qd6 26. Ra6 Qc5 27. Rxf6 gxf6 28. Bh7+ Kg7 29. f4 Rh8 30. Be4 Qc3 31. Qa6 Qxe1+ 32. Qf1 Qxf1# 0-1

[Event "Live Chess"]
[Site "Chess.com"]
[Date "2023.05.21"]
[Round "-"]
[White "EdenHazard8"]
[Black "FunSingingHawk"]
[Result "1-0"]
[WhiteElo "1961"]
[BlackElo "1202"]
[TimeControl "300"]
[EndTime "0:14:06 PDT"]
[Termination "EdenHazard8 won on time"]

1. e4 e5 2. Nf3 Nc6 3. Bc4 Nf6 4. O-O Bc5 5. Re1 O-O 6. d3 d6 7. Bg5 Bg4 8. Nbd2 Rc8 9. h3 Bh5 10. c3 b6 11. Nf1 h6 12. Bh4 Rb8 13. b4 g6 14.
bxc5 dxc5 15. Ne3 g5 16. Bg3 1-0

[Event "Live Chess"]
[Site "Chess.com"]
[Date "2023.05.21"]
[Round "-"]
[White "MaximKris"]
[Black "Nazar_777"]
[Result "1-0"]
[WhiteElo "1835"]
[BlackElo "1604"]
[TimeControl "300"]
[EndTime "0:14:07 PDT"]
[Termination "MaximKris won by checkmate"]

1. e4 e6 2. d4 a6 3. Nf3 h5 4. Nc3 c5 5. d5 Nf6 6. e5 Ng4 7. d6 Nc6 8. Bg5 Qb6 9. h3 Nh6 10.
a4 Qxb2 11. Ne4 Nxe5 12. Rb1 Nxf3+ 13. gxf3 Qe5 14. Bc4 f5 15. O-O fxe4 16. f4 Qd4 17. Qe2 Bxd6 18. Qxh5+ Kf8 19. Rbd1 Qxc4 20. Rxd6 b6 21.
Qg6 Nf7 22. Rfd1 e3 23. Rxd7 Bxd7 24. Rxd7 e5 25. fxe3 Rg8 26. Be7+ Ke8 27. Qc6 Qa2 28. Rc7# 1-0

[Event "Live Chess"]
[Site "Chess.com"]
[Date "2023.05.21"]
[Round "-"]
[White "CroasArRheun"]
[Black "Singapourfeuj"]
[Result "0-1"]
[WhiteElo "1809"]
[BlackElo "2214"]
[TimeControl "300"]
[EndTime "0:14:16 PDT"]
[Termination "Singapourfeuj won by resignation"]

1. d4 Nf6 2. c4 g6 3. Nc3 Bg7 4. e4 d6 5. h3 O-O 6. Be3 e5 7.
d5 a5 8. Qd2 c6 9. g4 cxd5 10.
cxd5 Na6 11. f3 Bd7 12. h4 Rb8 13. h5 b5 14. hxg6 fxg6 15. Bh6 Rf7 16. Bxg7 Rxg7 17.
Qh6 Nc5 18. Nge2 Nd3+ 19. Kd2 Nxb2 20. g5 Nh5 21. Bh3 b4 22. Nd1 Nc4+ 23. Ke1 a4 24. Bg4 Nf4 25. Nxf4 exf4 26. Bh5 gxh5 27. g6 hxg6 28.
Qxf4 Qf8 0-1

[Event "Live Chess"]
[Site "Chess.com"]
[Date "2023.05.21"]
[Round "-"]
[White "nigelst"]
[Black "Biranidun"]
[Result "0-1"]
[WhiteElo "1698"]
[BlackElo "2553"]
[TimeControl "300"]
[EndTime "0:14:27 PDT"]
[Termination "Biranidun won by checkmate"]

1. e4 c5 2. Nf3 d6 3. Bb5+ Nd7 4. Ba4 Nf6 5. Qe2 a6 6. c3 b5 7. Bc2 e6 8. O-O Be7 9. d4 Bb7 10. e5 Nd5 11. exd6 Bxd6 12. Bg5 Qc7 13. Bh4 Nf4 14. Qd2 g5 15. Bg3 h5 16. Nxg5 h4 17. dxc5 hxg3 18. cxd6 gxh2+ 19. Kh1 Bxg2# 0-1

[Event "Live Chess"]
[Site "Chess.com"]
[Date "2023.05.21"]
[Round "-"]
[White "yarek"]
[Black "ChessClubLive"]
[Result "1-0"]
[WhiteElo "1872"]
[BlackElo "1840"]
[TimeControl "300"]
[EndTime "0:14:32 PDT"]
[Termination "yarek won by resignation"]

1. e4 c5 2. d4 cxd4 3. c3 dxc3 4.
Nxc3 e6 5. Bc4 Bb4 6. Nf3 Qc7 7. Qe2 Nf6 8. O-O Nc6 9. e5 Bxc3 10. bxc3 Ng4 11. Bf4 f6 12. h3 Ngxe5 13. Bb3 Nxf3+ 14. Qxf3 e5 15. Rfe1 d6 16. Bg3 Bd7 17. Rab1 O-O-O 18. Qe3 f5 19. Bh4 f4 20. Qd3 g5 21. Bxg5 Rdg8 22.
Bxg8 Rxg8 23. h4 h6 24. Bxh6 Be6 25. a4 Qe7 26. Bg5 Qd7 27. c4 Bf5 28. Qd5 Bxb1 29. Qxg8+ 1-0

[Event "Live Chess"]
[Site "Chess.com"]
[Date "2023.05.21"]
[Round "-"]
[White "f4nomore"]
[Black "tpm07"]
[Result "0-1"]
[WhiteElo "1416"]
[BlackElo "1925"]
[TimeControl "300"]
[EndTime "0:14:35 PDT"]
[Termination "tpm07 won by resignation"]

1. d4 Nf6 2. Bg5 Ne4 3. Bh4 g5 4. Bg3 h5 5. f3 Nxg3 6. hxg3 d5 7. Nc3 Bg7 8. Qd3 Nc6 9. e3 Be6 10. O-O-O Qd7 11. Nge2 Bf5 12. Qb5 O-O-O 13. e4 dxe4 14. fxe4 Bg4 15. Kb1 Nxd4 16. Rxd4 Bxd4 17. Qxg5 Bf6 18.
Qa5 Bxc3 19. Nxc3 Qd1+ 0-1

[Event "Live Chess"]
[Site "Chess.com"]
[Date "2023.05.21"]
[Round "-"]
[White "mattihelenius2"]
[Black "Geomorph"]
[Result "0-1"]
[WhiteElo "489"]
[BlackElo "1272"]
[TimeControl "300"]
[EndTime "0:14:55 PDT"]
[Termination "Geomorph won by resignation"]

1. d4 d5 2. c4 c6 3. Nc3 Nf6 4. Nf3 Bf5 5. Bg5 Qb6 6. Qb3 dxc4 7. Qxb6 axb6 8. Bxf6 gxf6 9. e3 b5 10. Rd1 Nd7 11.
g3 Bg7 12. e4 Bg6 13. Bh3 b4 14. Na4 Rxa4 15. Ra1 Bxe4 16. Bxd7+ Kxd7 17. Ke2 Bxf3+ 18. Kxf3 f5 19. b3 cxb3 20. a3 bxa3 21. Ke3 Bxd4+ 22. Kd3 Bxa1 0-1

[Event "Live Chess"]
[Site "Chess.com"]
[Date "2023.05.21"]
[Round "-"]
[White "Bot_Boy"]
[Black "Vitalii18a"]
[Result "0-1"]
[WhiteElo "324"]
[BlackElo "1106"]
[TimeControl "300"]
[EndTime "0:15:09 PDT"]
[Termination "Vitalii18a won on time"]

1. e4 e5 2. Nf3 d6 3. Bc4 Nf6 4. Nc3 c6 5. d4 exd4 6. Qxd4 Be7 7. Ng5 O-O 8. Qd1 h6 9. Nh3 Na6 10. Rg1 Be6 11. Bxe6 fxe6 12. g4 Nc5 13. f3 Re8 14. g5 hxg5 15. Nxg5 Nh5 16. f4 Bxg5 17. Qxh5 Bh6 18. f5 exf5 19. Bxh6 Re7 20. Rxg7+ Rxg7 21. Bxg7 Kxg7 22. exf5 Qe7+ 23. Ne2 Re8 0-1

[Event "Live Chess"]
[Site "Chess.com"]
[Date "2023.05.21"]
[Round "-"]
[White "Jo1ts"]
[Black "DaveL5678"]
[Result "0-1"]
[WhiteElo "822"]
[BlackElo "1010"]
[TimeControl "300"]
[EndTime "0:15:22 PDT"]
[Termination "DaveL5678 won by resignation"]

1. d4 Nf6 2. Bf4 g6 3. e3 d6 4. Nf3 Bg7 5. Nbd2 Bf5 6. Bd3 Bxd3 7. cxd3 Qd7 8. e4 Qb5 9. Nc4 d5 10. exd5 Nxd5 11. O-O Nxf4 0-1

[Event "Live Chess"]
[Site "Chess.com"]
[Date "2023.05.21"]
[Round "-"]
[White "rmethornhill"]
[Black "Shepherds_Pie"]
[Result "0-1"]
[WhiteElo "1156"]
[BlackElo "1920"]
[TimeControl "300"]
[EndTime "0:15:51 PDT"]
[Termination "Shepherds_Pie won by resignation"]

1. d4 d5 2. c4 e6 3. Nc3 c5 4. Nf3 cxd4 5. Nxd4 e5 6. Nf3 d4 7. Ne4 Nc6 8. e3 f5 9. Ng3 e4 10. Ng1 d3 11. Qh5+ g6 12. Qd1 Nf6 13. h4 h5 14.
f3 Bg7 15. fxe4 fxe4 16. Rb1 Bg4 17. Be2 dxe2 18. N1xe2 O-O 19. Qb3 Na5 20. Qb5 a6 21. Qa4 b5 22. cxb5 axb5 23. Qd4 Qxd4 24. Nxd4 Nc4 25. Nxb5 Ne5 26. Nd4 Nd3+ 27. Kf1 Rxa2 28. Ne6 0-1

[Event "Live Chess"]
[Site "Chess.com"]
[Date "2023.05.21"]
[Round "-"]
[White "toxic_rabbit"]
[Black "YrrriKharkiv"]
[Result "0-1"]
[WhiteElo "1980"]
[BlackElo "2058"]
[TimeControl "300"]
[EndTime "0:16:01 PDT"]
[Termination "YrrriKharkiv won by resignation"]

1. e4 e6 2. d4 d5 3. exd5 exd5 4. Nf3 Bd6 5. Bd3 Ne7 6. O-O Nd7 7. c4 c6 8. Nc3 O-O 9. Re1 Re8 10. Bg5 f6 11. Bh4 Nf8 12. Bg3 Bxg3 13. hxg3 Bg4 14. Qb3 Qd7 15.
Nh2 Be6 16. cxd5 Bxd5 17. Nxd5 Nxd5 18. Bc4 Ne6 19. Nf1 Nxd4 20. Qd3 Ne6 21. Rad1 Nec7 22.
Ne3 Kh8 23. Nxd5 Rxe1+ 24. Rxe1 Nxd5 25. Bxd5 cxd5 26. Qa3 a6 27. Re7 Qc6 28. Qb4 b5 29. Qg4 Rg8 30. Qf4 Rd8 31. Qg4 Qc1+ 32. Kh2 Qg5 33.
Qe6 Qh5+ 34. Kg1 d4 35. Qb6 Qd5 36. Qa7 Qg5 37. Qb6 Qd5 38. Qa7 Rg8 39. Rd7 Qxa2 40.
Rxd4 Qxb2 41. Rd6 a5 42. Qxa5 Qc1+ 43. Kh2 Qh6+ 44. Kg1 Re8 45. Rd8 Qc1+ 46. Kh2 Qh6+ 47. Kg1 Qg6 48. Rd1 Qf5 49. Rd8 Qg6 50. Rd1 h6 51.
Qxb5 Qc2 52. Qf1 Re2 53. Rc1 Qd2 54. Rc8+ Kh7 55. Qb1+ f5 56. Qa1 Re1+ 57. Qxe1 Qxe1+ 0-1

[Event "Live Chess"]
[Site "Chess.com"]
[Date "2023.05.21"]
[Round "-"]
[White "AttackingSnowLeopard"]
[Black "profpirate4"]
[Result "1-0"]
[WhiteElo "2192"]
[BlackElo "1265"]
[TimeControl "300"]
[EndTime "0:16:06 PDT"]
[Termination "AttackingSnowLeopard won by checkmate"]

1. d4 f5 2. Nf3 e6 3. d5 exd5 4. Qxd5 Nf6 5. Qxf5 d6 6. Qd3 Bg4 7. Nc3 Nc6 8. Bg5 Qd7 9. O-O-O O-O-O 10. Bxf6 gxf6 11.
h3 Bf5 12. e4 Be6 13. Nd5 Bh6+ 14. Kb1 Ne5 15. Nxe5 fxe5 16. Be2 c6 17. Nf6 Qf7 18. Ng4 Bf8 19. a3 h5 20. Ne3 Qxf2 21. Rdf1 Qh4 22. g4 Qg5 23. gxh5 Bh6 24. Nf5 Bxf5 25. Rxf5 Qh4 26. Bg4 Kb8 27. Rf7 Rhf8 28. Rhf1 Qg5 29. Qb3 b6 30. Qe6 Rxf7 31. Rxf7 Qc1+ 32. Ka2 Qxc2 33. Bd1 Qxd1 34. Qe7 Kc8 35. Qb7# 1-0

[Event "Live Chess"]
[Site "Chess.com"]
[Date "2023.05.21"]
[Round "-"]
[White "AlanPaling"]
[Black "raminguy"]
[Result "0-1"]
[WhiteElo "1368"]
[BlackElo "1938"]
[TimeControl "300"]
[EndTime "0:16:14 PDT"]
[Termination "raminguy won by resignation"]

1. c4 e6 2. g3 d5 3. Bg2 Nf6 4. Nf3 Be7 5. b3 O-O 6. Bb2 a6 7. O-O dxc4 8. bxc4 c5 9. d4 Nc6 10. d5 exd5 11. cxd5 Qxd5 12. Qxd5 Nxd5 13. Rd1 Nf6 14.
Nc3 Be6 15. Na4 b5 16. Nc3 Rad8 17. Ng5 Nd4 18. Nxe6 Nxe6 19. Ne4 Nxe4 20. Bxe4 c4 21. Bb7 a5 22. Ba6 Rb8 23. Rd7 Bf6 24. Bxf6 gxf6 25. Rb1 Nc5 26. Rd6 Nxa6 27. Rxa6 a4 28. Ra5 c3 29.
Rc1 Rfc8 30. Kf1 Rc5 31. Ke1 Rd8 32. Rc2 Rd4 33. e3 Rb4 34. Ke2 Rbc4 35. h4 Kf8 36. Ra7 Kg7 37. Ra6 Kg6 38. a3 h5 39. Rd6 b4 40. axb4 Rxb4 41. Ra6 Kf5 42. Kd3 Rbc4 43. Rd6 Ke5 44. Rd4 Rxd4+ 45. exd4+ Kd5 46. Rxc3 Rxc3+ 47. Kxc3 a3 48. Kb3 a2 49. Kxa2 Kxd4 50. Kb2 Kd3 51.
Kb3 Ke2 52. f4 Kf3 53. Kc4 Kxg3 54. Kd4 Kxf4 0-1

[Event "Live Chess"]
[Site "Chess.com"]
[Date "2023.05.21"]
[Round "-"]
[White "MarkLim1"]
[Black "Long1968"]
[Result "1-0"]
[WhiteElo "1680"]
[BlackElo "996"]
[TimeControl "300"]
[EndTime "0:16:34 PDT"]
[Termination "MarkLim1 won on time"]

1. d4 e6 2. Nf3 c5 3. e3 Nc6 4. b3 d5 5. Bd3 Qc7 6. Bb2 Bd6 7. O-O e5 8. dxe5 Nxe5 9. Nxe5 Bxe5 10. Bxe5 Qxe5 11.
Nd2 Nf6 12. Nf3 Qe7 13. Qe2 O-O 14. Rfd1 Rd8 15. Rac1 Bg4 16. h3 Bh5 17. c4 Bxf3 18.
Qxf3 dxc4 19. Bxc4 Qe4 20. Qxe4 Nxe4 21. Kf1 a6 22. a4 Rd6 23. Ke2 Rad8 24. Rxd6 Rxd6 25.
Bd3 f5 26. f3 Ng3+ 27. Kd2 Rd5 28. Rc4 Nf1+ 29. Kc3 Ng3 30. Rf4 1-0

[Event "Live Chess"]
[Site "Chess.com"]
[Date "2023.05.21"]
[Round "-"]
[White "chessfiction"]
[Black "HoarseyHorsey"]
[Result "1-0"]
[WhiteElo "2350"]
[BlackElo "1447"]
[TimeControl "300"]
[EndTime "0:16:34 PDT"]
[Termination "chessfiction won by resignation"]

1. e4 c5 2. Nf3 e6 3. d4 cxd4 4. c3 dxc3 5. Nxc3 Nc6 6. Bg5 Nf6 7. e5 h6 8. Bh4 g5 9. Bg3 Nh5 10. Bc4 Nxg3 11. hxg3 Bg7 12. Qe2 Qa5 13. O-O Nxe5 14. Nb5 Nxc4 15. Qxc4 Bf8 16. Nc7+ Kd8 17. Nxa8 d5 18.
Qc2 Bd6 19. Rac1 Ke7 20. Rfe1 Bd7 21. Nd4 Rxa8 22. Nf5+ Kf8 23. Nxd6 Bc6 24. Qh7 Qc7 25. Qh8+ Ke7 26. Nf5+ Kd7 27. Qxa8 1-0

[Event "Live Chess"]
[Site "Chess.com"]
[Date "2023.05.21"]
[Round "-"]
[White "Ian-Morley"]
[Black "LutherSullivan"]
[Result "1-0"]
[WhiteElo "1069"]
[BlackElo "2125"]
[TimeControl "300"]
[EndTime "0:16:43 PDT"]
[Termination "Ian-Morley won by resignation"]

1. e4 e5 2. Nf3 Nc6 3. Bc4 Nf6 4.
Ng5 d5 5. exd5 Na5 6. Bb5+ c6 7. dxc6 bxc6 8. Qf3 Be7 9. Ne4 Nxe4 10. Qxe4 O-O 11. Bxc6 Nxc6 12. Qxc6 Be6 13. Nc3 Rc8 14. Qa4 Rc4 15.
Qxa7 Bc5 16. Qa6 Rf4 17. O-O Bc4 18. Qb7 Bxf1 19. b4 Bxf2+ 20. Kxf1 Bd4+ 21. Ke2 Bxc3 22. dxc3 Rc4 23. Bd2 Qh4 24. h3 Rd8 25. Rd1 Re4+ 26.
Be3 h6 27. Rxd8+ Qxd8 28. Qxe4 Qd7 29. Qd3 Qc6 30. Qd8+ Kh7 31. Qd3+ g6 32. a3 Qxg2+ 33.
Bf2 h5 34. Qf3 1-0

[Event "Live Chess"]
[Site "Chess.com"]
[Date "2023.05.21"]
[Round "-"]
[White "Supertromp"]
[Black "Duke_of_Bebington"]
[Result "1/2-1/2"]
[WhiteElo "2119"]
[BlackElo "1590"]
[TimeControl "300"]
[EndTime "0:17:13 PDT"]
[Termination "Game drawn by repetition"]

1. e4 e5 2. Nf3 Nf6 3. Nxe5 d6 4. Nf3 Nxe4 5. Nc3 Nxc3 6. dxc3 Be7 7. Be3 Be6 8. Qd2 Nc6 9. Bb5 a6 10. Ba4 O-O 11. O-O Re8 12. Nd4 Nxd4 13. Bxe8 Nf3+ 14. gxf3 Qxe8 15. Rae1 Bh3 16. Bg5 f6 17. Qd5+ Kf8 18.
Bf4 Bxf1 19. Kxf1 Qb5+ 20. c4 Qxb2 21. Qe4 Re8 22. Qxh7 Qxa2 23. h4 Qxc4+ 24. Kg2 Qxf4 25. Qh8+ Kf7 26. Qh5+ Kf8 27. Qh8+ Kf7 28. Qh5+ Kf8 29. Qh8+ 1/2-1/2

[Event "Live Chess"]
[Site "Chess.com"]
[Date "2023.05.21"]
[Round "-"]
[White "Singapourfeuj"]
[Black "Biranidun"]
[Result "1-0"]
[WhiteElo "2228"]
[BlackElo "2536"]
[TimeControl "300"]
[EndTime "0:17:46 PDT"]
[Termination "Singapourfeuj won by resignation"]

1. d4 Nf6 2. Nf3 g6 3. c4 Bg7 4. Nc3 d5 5. cxd5 Nxd5 6. e4 Nxc3 7. bxc3 c5 8. Bc4 Nc6 9. Be3 Bg4 10. Bxf7+ Kxf7 11. Ng5+ Ke8 12. Qxg4 cxd4 13. Ne6 Qa5 14. Nxg7+ Kf7 15.
Qe6+ Kxg7 16. Bxd4+ Nxd4 17. Qxe7+ Kg8 18. O-O Nc6 19. Qxb7 Qd8 20. Qxc6 Rc8 21. Qe6+ Kg7 22.
Rad1 Qg5 23. Rd7+ Kh6 24. f4 Qc5+ 25. Kh1 Qxc3 26. Qe7 Qc5 27. Qg7+ Kh5 28. Rd5+ 1-0

[Event "Live Chess"]
[Site "Chess.com"]
[Date "2023.05.21"]
[Round "-"]
[White "seasidecastle27"]
[Black "Bob2pen"]
[Result "1-0"]
[WhiteElo "1827"]
[BlackElo "1814"]
[TimeControl "300"]
[EndTime "0:17:56 PDT"]
[Termination "seasidecastle27 won by resignation"]

1. d4 Nf6 2. Nf3 g6 3. Bg5 Bg7 4. Nbd2 O-O 5. e3 d5 6. Bd3 c5 7.
c3 cxd4 8. exd4 Nc6 9. Qe2 Be6 10. O-O Qd7 11. Ne5 Nxe5 12. dxe5 Ne8 13. f4 Bf5 14. Bxf5 gxf5 15. Rf3 f6 16. Bh4 e6 17. Re1 d4 18.
exf6 Bxf6 19. Bxf6 Rxf6 20. Rg3+ Kh8 21. Nc4 dxc3 22.
Rxc3 Rc8 23. Ne5 Qd4+ 24. Qe3 Qxe3+ 25. Rexe3 Rd8 26. Red3 Rxd3 27. Rxd3 Nc7 28. Rd8+ Kg7 29. Rd7+ 1-0

[Event "Live Chess"]
[Site "Chess.com"]
[Date "2023.05.21"]
[Round "-"]
[White "Ferrarifan27"]
[Black "Denz14"]
[Result "1-0"]
[WhiteElo "2071"]
[BlackElo "1031"]
[TimeControl "300"]
[EndTime "0:18:05 PDT"]
[Termination "Ferrarifan27 won by resignation"]

1. e4 d5 2. exd5 Qxd5 3. Nc3 Qd8 4. Nf3 Bg4 5. h3 Bxf3 6. Qxf3 c6 7. Bc4 e6 8. O-O Nf6 9. d3 Bd6 10. Bg5 Nbd7 11. Ne4 Be7 12. Bf4 Nxe4 13. Qxe4 Nf6 14.
Qf3 O-O 15. Rfe1 a5 16. a4 Nd5 17. Bg3 Bd6 18. Rad1 Bxg3 19. Qxg3 Nf6 20. d4 Qd7 21. c3 Rad8 22. Re5 Qc7 23. Rde1 Nd7 24. Rg5 Qxg3 25. Rxg3 Nb6 26. Bb3 Nd5 27. Re5 Rde8 28. h4 f6 29.
Re1 Kh8 30. h5 h6 31. Bxd5 exd5 32. Rge3 Rxe3 33. Rxe3 Kg8 34. Re7 Rf7 35. Re6 Kf8 36.
f4 Re7 37. Rxe7 Kxe7 38. g4 b5 39. b3 Kd6 40. Kf2 c5 41. dxc5+ Kxc5 42. axb5 Kxb5 43. Ke3 a4 44. bxa4+ Kxa4 45. Kd4 Kb3 46. Kxd5 Kxc3 47. Ke6 Kd3 48. Kf7 Ke4 49. f5 Kf4 50. Kxg7 Kxg4 51. Kxf6 Kxh5 52. Kg7 Kg5 53. f6 h5 54. f7 h4 55.
f8=Q h3 56. Qf3 Kh4 57. Qh1 Kg3 58. Qg1+ Kh4 59. Kg6 h2 60. Qxh2+ Kg4 61. Qh5+ 1-0

[Event "Live Chess"]
[Site "Chess.com"]
[Date "2023.05.21"]
[Round "-"]
[White "Hacker_2009"]
[Black "KeithArkell"]
[Result "0-1"]
[WhiteElo "1951"]
[BlackElo "2555"]
[TimeControl "300"]
[EndTime "0:18:05 PDT"]
[Termination "KeithArkell won by resignation"]

1. d4 e6 2. Nf3 Nf6 3. c4 Bb4+ 4. Bd2 Bxd2+ 5. Qxd2 d6 6. e3 Qe7 7. Nc3 e5 8. Qc2 Bg4 9. Be2 Bxf3 10. Bxf3 exd4 11. Nb5 Nc6 12. Bxc6+ bxc6 13. Nxd4 c5 14. Qa4+ Qd7 15. Qxd7+ Kxd7 16. Nf3 Rab8 17. b3 a5 18. O-O Ne4 19. Rfd1 a4 20. Rd3 Rb7 21. Rad1 Rhb8 22. Ne5+ Ke6 23. Nc6 Ra8 24. f3 axb3 25. Rxb3 Rxb3 26.
axb3 Nf6 27. b4 cxb4 28. Nxb4 Ra4 29. Rb1 c5 30. Nd5 Nxd5 31. cxd5+ Kxd5 32. Kf2 Ra2+ 33. Kg3 c4 34. Rb7 Ke6 35. Rc7 d5 36. e4 Kd6 37.
Rc8 Ra7 38. exd5 Kxd5 39. Kf4 Kd4 40. Rd8+ Kc3 41. Rc8 Kd3 42. Rd8+ Kc2 43. Ke3 c3 44. Rc8 Re7+ 45. Kd4 Kd2 0-1

[Event "Live Chess"]
[Site "Chess.com"]
[Date "2023.05.21"]
[Round "-"]
[White "BJAW87"]
[Black "martynstanley"]
[Result "1-0"]
[WhiteElo "1442"]
[BlackElo "986"]
[TimeControl "300"]
[EndTime "0:18:28 PDT"]
[Termination "BJAW87 won by checkmate"]

1. e4 e6 2. d4 d5 3. exd5 exd5 4.
Nf3 c5 5. Bb5+ Nc6 6. O-O a6 7.
Bxc6+ bxc6 8. Bg5 Ne7 9. Re1 f6 10. Bf4 cxd4 11. Nxd4 Bb7 12. Ne6 Qd7 13. Nc7+ Kf7 14.
Nxa8 Bxa8 15. Nc3 d4 16. Ne4 Qd5 17. c4 Qxc4 18. Nd6+ Kg6 19. Nxc4 Nd5 20. Bg3 Bc5 21. Qg4+ Kf7 22. a3 g5 23. b4 Bb6 24. Nd6+ Kg7 25. Re8 Rxe8 26. Nxe8+ Kg6 27. Nd6 d3 28. Rd1 Nxb4 29.
axb4 a5 30. bxa5 Bxa5 31. Rxd3 c5 32. Qf5+ Kh6 33. Qxc5 Be4 34. Re3 f5 35. Qxa5 f4 36. Rxe4 fxg3 37. Nf7+ Kh5 38. hxg3 h6 39. Rh4+ Kg6 40.
Nh8+ Kh7 41. Qc7+ Kxh8 42. Rxh6+ Kg8 43. Rh7 Kf8 44. Qf7# 1-0

[Event "Live Chess"]
[Site "Chess.com"]
[Date "2023.05.21"]
[Round "-"]
[White "Vitalii18a"]
[Black "Jo1ts"]
[Result "1-0"]
[WhiteElo "1109"]
[BlackElo "819"]
[TimeControl "300"]
[EndTime "0:18:30 PDT"]
[Termination "Vitalii18a won by resignation"]

1. e4 d5 2. e5 c5 3. d4 cxd4 4.
Qxd4 Nc6 5. Qd1 Nxe5 6. Bb5+ Nc6 7. Nc3 a6 8. Ba4 Nf6 9. Bg5 b5 10. Bb3 e6 11. Nf3 h6 12. Bh4 g5 13. Bg3 Bd6 14. O-O Bxg3 15. fxg3 Qd6 16. Re1 Bb7 17. Nxd5 Nxd5 18.
Bxd5 Qxd5 19. Qxd5 1-0

[Event "Live Chess"]
[Site "Chess.com"]
[Date "2023.05.21"]
[Round "-"]
[White "WelshTiger"]
[Black "smoggyrabbit"]
[Result "1-0"]
[WhiteElo "2358"]
[BlackElo "1731"]
[TimeControl "300"]
[EndTime "0:18:41 PDT"]
[Termination "WelshTiger won by resignation"]

1. e4 e6 2. d4 d5 3. Nd2 c5 4.
exd5 Qxd5 5. dxc5 Bxc5 6. Ngf3 Nf6 7. Bc4 Qd8 8. Qe2 O-O 9. O-O Nc6 10. c3 Re8 11. Rd1 e5 12. Ne4 Qe7 13. Nxc5 Qxc5 14. Be3 Qe7 15. h3 Be6 16. Bxe6 Qxe6 17. Qb5 Qe7 18.
Bc5 Qc7 19. Bd6 Qa5 20. Qxa5 Nxa5 21. Nxe5 Re6 22. Bc7 Nc6 23. Nxc6 Rxc6 24. Be5 Re8 25. Bd4 Re2 26. Rab1 h6 27. Kf1 Re8 28. Re1 Rce6 29. Rxe6 Rxe6 30. Re1 Ne4 31. Re2 a6 32. Ke1 Ng5 33.
Rxe6 Nxe6 34. Be3 Kf8 35. Ke2 Ke7 36. Kd3 Kd6 37. Kc4 Kc6 38. g4 b5+ 39. Kd3 Kd5 40. b3 Nc5+ 41. Bxc5 Kxc5 42. Ke4 a5 43. a3 a4 44.
bxa4 bxa4 45. Kd3 Kd5 46. c4+ Kc5 47. Kc3 g5 48. f3 f6 49. Kd3 Kc6 50. Kd4 Kd6 51.
c5+ Kc6 52. Kc4 Kc7 53. Kb5 Kb7 54. Kxa4 Kc6 55. Kb4 Kd5 56. Kb5 Kd4 57. c6 Ke3 58. c7 Kxf3 59. c8=Q Kg3 60. Qf5 Kxh3 61. Qxf6 Kxg4 62. Qxh6 Kf4 63. a4 Kf5 64. a5 g4 65. a6 g3 66. Qh3+ Kf4 67. Qg2 Kg4 68.
a7 1-0

[Event "Live Chess"]
[Site "Chess.com"]
[Date "2023.05.21"]
[Round "-"]
[White "Driftboard"]
[Black "peter-785"]
[Result "0-1"]
[WhiteElo "808"]
[BlackElo "1210"]
[TimeControl "300"]
[EndTime "0:18:49 PDT"]
[Termination "peter-785 won by checkmate"]

1. e4 c5 2. Nf3 d6 3. Nc3 e6 4. Bb5+ Nd7 5. Bxd7+ Bxd7 6. O-O Nf6 7. d3 Be7 8. Bg5 a6 9. h3 b5 10. Bxf6 Bxf6 11. Nb1 Bxb2 12. Nbd2 Bxa1 13. Qxa1 Qf6 14. Qxf6 gxf6 15. c3 Ke7 16. d4 cxd4 17. cxd4 h6 18. e5 fxe5 19. dxe5 d5 20. g4 Rac8 21. Nb3 Rc2 22. Rc1 Rxc1+ 23. Nxc1 Rc8 24. Nd3 Rc3 25. Nde1 Ra3 26. Kg2 Rxa2 27. Kg3 Ra1 28.
Nd3 Ra3 29. Nde1 Rxf3+ 30. Kxf3 a5 31. Ke3 a4 32. Kd2 Kd8 33. Kc2 Kc7 34. Kc3 Kb6 35. Kb4 Bc8 36. Nd3 Bb7 37. Nf4 Kc6 38. f3 d4 39. h4 Kb6 40. g5 hxg5 41. hxg5 Bxf3 42.
g6 fxg6 43. Nxg6 Bg4 44. Nf4 Bf5 45. Ne2 d3 46. Nc3 Bg4 47. Nxb5 d2 48. Nc3 d1=Q 49. Nxd1 Bxd1 50. Ka3 Kc5 51. Kb2 Kd4 52. Kc1 Bb3 53. Kb2 Kxe5 54. Kc3 Kf4 55. Kd3 e5 56. Kd2 Kf3 57.
Kd3 e4+ 58. Kd2 Kf2 59. Kc1 e3 60. Kb2 e2 61. Ka3 e1=Q 62. Kb2 Qd2+ 63. Kb1 Qc2+ 64. Ka1 Qa2# 0-1

[Event "Live Chess"]
[Site "Chess.com"]
[Date "2023.05.21"]
[Round "-"]
[White "JohanKjeldahl"]
[Black "Doge_Dandolo"]
[Result "0-1"]
[WhiteElo "1874"]
[BlackElo "1892"]
[TimeControl "300"]
[EndTime "0:18:52 PDT"]
[Termination "Doge_Dandolo won by resignation"]

1. c4 Nf6 2. Nc3 c5 3. Nf3 e6 4.
d4 cxd4 5. Nxd4 a6 6. e4 d6 7. Be3 b6 8. f3 Bb7 9. Qd2 Nbd7 10. Be2 Qc7 11. O-O Be7 12. Rac1 Rc8 13. Kh1 O-O 14. b3 Rfe8 15. Nc2 Qb8 16. Bd3 Rcd8 17. Qf2 Ba8 18.
Na4 Nc5 19. Nxc5 dxc5 20. Be2 Bd6 21. g3 Re7 22. Bg5 Red7 23. Bxf6 gxf6 24. Rfd1 Bf8 25. Rxd7 Rxd7 26. Rd1 Qd8 27. Rxd7 Qxd7 28. Qe3 f5 29.
exf5 Bg7 30. fxe6 fxe6 31. Qf4 Bb7 32. Kg2 Bc3 33. Qg5+ Bg7 34. h4 h6 35. Qf4 Qd8 36. h5 Qe8 37. Qg4 Qd7 38. Qf4 Qe8 39. g4 Qd7 40.
Ne1 Qd8 41. Nd3 Qd4 42. Qxd4 Bxd4 43. Kg3 Kf7 44. f4 Kf6 45. Kh4 Be3 46. Kg3 Be4 47.
Ne5 Bb1 48. Nd7+ Ke7 49. Nxb6 Bxa2 50. Bd1 Bb1 51. Na4 Be4 52. Nc3 Bc6 53. Bf3 Bd7 54. Bb7 Bd4 55. Ne4 a5 56. g5 hxg5 57. fxg5 e5 58. h6 Bf5 59. Kh4 Kf7 60. Kh5 Bg6+ 61. Kg4 Be3 62. Bd5+ Ke7 63. Nf6 Bd2 64. h7 Bxh7 65.
Nxh7 e4 66. g6 e3 67. g7 e2 68. g8=Q e1=Q 69. Qg5+ Bxg5 0-1

[Event "Live Chess"]
[Site "Chess.com"]
[Date "2023.05.21"]
[Round "-"]
[White "mattihelenius2"]
[Black "f4nomore"]
[Result "0-1"]
[WhiteElo "489"]
[BlackElo "1416"]
[TimeControl "300"]
[EndTime "0:19:54 PDT"]
[Termination "f4nomore won by resignation"]

1. d4 g6 2. e4 Bg7 3. e5 d6 4. Bb5+ c6 5. Bd3 dxe5 6. Nf3 exd4 7. Nxd4 Qxd4 8. Nc3 Nf6 9. Be3 Qe5 10. Qf3 Bg4 11. Qf4 Qxf4 12. Bxf4 O-O 13. Bxb8 Raxb8 14. Ne4 Nxe4 15.
Bxe4 Bxb2 16. Rd1 Bxd1 17. Kxd1 Rbd8+ 18. Ke2 e6 19. Rd1 Rxd1 20. Kxd1 Rd8+ 21. Ke2 Bc3 22. f3 Rd2+ 23. Ke3 Rxg2 24. h4 Rh2 25. a4 Rxh4 26. Kd3 Bg7 27. c4 f5 28. Bxc6 bxc6 29. c5 e5 30. Ke3 Rxa4 31. f4 exf4+ 32. Kf3 Bd4 33.
Kxf4 Bxc5+ 34. Ke5 Bb6 35. Kd6 c5 36. Kc6 c4 37. Kb7 c3 38. Kc6 c2 0-1

[Event "Live Chess"]
[Site "Chess.com"]
[Date "2023.05.21"]
[Round "-"]
[White "friarnator"]
[Black "martynstanley"]
[Result "1-0"]
[WhiteElo "1999"]
[BlackElo "986"]
[TimeControl "300"]
[EndTime "0:19:56 PDT"]
[Termination "friarnator won by checkmate"]

1. e4 e6 2. Nf3 d5 3. Nc3 c5 4. d4 Nc6 5. exd5 exd5 6. Bb5 a6 7.
Bxc6+ bxc6 8. O-O Bb7 9. Re1+ Ne7 10. dxc5 Qd7 11. Ne5 Qc7 12. Bf4 Qa5 13. Qd4 O-O-O 14. b4 Qc7 15. Nxf7 Qxf4 16. Qxf4 d4 17. Na4 g5 18. Nb6# 1-0